 Dungeon Crawl Stone Soup version 0.19-a0-994-g3c636f0 (webtiles) character file.

321 mistymad the Poker (level 6, -9/50 HPs)
             Began as a Merfolk Monk on July 15, 2016.
             Mangled by an orc warrior
             ... wielding a +0 trident
              (12 damage)
             ... on level 4 of the Dungeon.
             The game lasted 00:08:57 (3532 turns).

mistymad the Poker (Merfolk Monk)                   Turns: 3532, Time: 00:08:58

Health: -9/50      AC:  6    Str: 13    XL:     6   Next: 46%
Magic:  6/6        EV: 12    Int: 14    God:
Gold:   60         SH:  0    Dex: 16    Spells: 0 memorised, 5 levels left

rFire  . . .     SeeInvis .     a - +1 spear
rCold  . . .     Gourm    .     g - +0 scale mail
rNeg   . . .     Faith    .     (no shield)
rPois  .         Spirit   .     (no helmet)
rElec  .         Dismiss  .     (no cloak)
rCorr  .         Reflect  .     (no gloves)
SustAt .         Harm     .     (no boots)
MR     .....                    (no amulet)
Stlth  +.........               (no ring)
                                h - +4 ring of intelligence

@: not resistant to hostile enchantments, very unstealthy
A: change form in water, swift swim
a: no special abilities


You were on level 4 of the Dungeon.
You were not hungry.

You visited 1 branch of the dungeon, and saw 4 of its levels.

You collected 150 gold pieces.
You spent 90 gold pieces at shops.

Inventory:

Hand Weapons
 a - a +1 spear (weapon)
Missiles
 l - a throwing net (quivered)
Armour
 g - a +0 scale mail (worn)
Jewellery
 h - a +4 ring of intelligence (left hand)
Wands
 p - a wand of confusion (30/48)
 t - a wand of flame (10/48)
Scrolls
 d - a scroll of enchant weapon
 e - a scroll of fear
 i - 2 scrolls of fog
 j - a scroll of teleportation
 m - a scroll of identify
 r - a scroll of immolation {unknown}
Potions
 b - a potion of flight
 f - 3 potions of might {unknown}
 k - a potion of haste {unknown}
 n - 2 potions of heal wounds {unknown}
 s - 2 potions of ambrosia {unknown}
Comestibles
 c - a bread ration
 o - a meat ration
 q - 4 fruits


   Skills:
 + Level 4.9 Fighting
 + Level 6.3 Polearms
 + Level 1.8 Armour
 + Level 5.9 Dodging
 - Level 2.1 Stealth


You had 5 spell levels left.
You didn't know any spells.

Dungeon Overview and Level Annotations

Branches:
Dungeon (4/15)
 Temple: D:4-7

Altars:
Dithmenos
Sif Muna
Trog
Uskayaw
Vehumet
Zin


Message History

The orc warrior closely misses you.
The orc warrior hits you with a trident!!
You take 18 damage, and have 16/50 hp.
MASSIVE DAMAGE!!
The orc warrior hits you but does no damage.
You hear some strange, mumbled words.
Something tries to affect you, but you resist.
The orc warrior hits you with a trident!
* * * LOW HITPOINT WARNING * * *
There is a stone staircase leading up, spattered with blood here.
You take 14 damage, and have 3/50 hp.
MASSIVE DAMAGE!!
Wield which item (- for none, * to show all)? (? for menu, Esc to quit)
Okay, then.
Evoke which item? (* to show all) (? for menu, Esc to quit)
Zapping:
p - a wand of confusion {recharged} (will waste charges)
Press: ? - help, Shift-Dir - straight line, f - orc warrior
Aim: an orc warrior, wielding a trident and wearing a plate armour (chance to defeat MR: 46%)
The orc warrior resists with some effort.
Evoking this partially-identified wand wasted a few charges.
The orc warrior hits you with a trident!
You die...

#.....###################
#.....#..................
#.....'..................
#.....#..................
#....o#..................
#.....#...###.###.###..##
#....##...###.###'#######
#....#...o..'............ .
#....#..@...#............
..####....########..##..##..##
.........## .###########..##
##.......# ... #.......#.
.'.....{.# .. #.......#.
.#.......#### #. ##..##..#.
.######....#..###.####..######
......#....#.............#
#...#....#.[...........#


You could see an orc warrior.

Vanquished Creatures
  The ghost of Amnesiac the Gusty, an amateur TeAE (D:4)
  A big kobold (D:3)
  Terence (D:3)
  An iguana (D:3)
  Ijyb (D:2)
  An adder (D:2)
  3 gnolls (D:2)
  2 worms
  3 dart slugs
  A giant cockroach (D:1)
  9 goblins
  12 hobgoblins
  8 jackals (D:2)
  2 quokkas
  8 bats
  7 giant newts
  3 kobolds
  A quokka skeleton (D:3)
  9 rats
74 creatures vanquished.

Notes
Turn   | Place    | Note
-------+----------+-------------------------------------------
     0 | D:1      | mistymad the Merfolk Monk began the quest for the Orb.
     0 | D:1      | Reached XP level 1. HP: 18/18 MP: 1/1
   148 | D:1      | Reached XP level 2. HP: 23/24 MP: 2/2
   682 | D:1      | Reached skill level 5 in Polearms
   706 | D:2      | Reached XP level 3. HP: 17/29 MP: 3/3
   920 | D:2      | Noticed Ijyb
  1362 | D:2      | Reached XP level 4. HP: 37/37 MP: 4/4
  1425 | D:2      | Killed Ijyb
  1425 | D:2      | Reached skill level 1 in Armour
  1425 | D:2      | Reached skill level 5 in Dodging
  1524 | D:2      | Reached XP level 5. HP: 42/42 MP: 5/5
  1833 | D:3      | Found a hide-covered altar of Uskayaw.
  1917 | D:3      | Noticed a big kobold
  1950 | D:3      | Killed a big kobold
  2226 | D:3      | Found Zin's Purification Station.
  2230 | D:3      | Noticed Terence
  2232 | D:3      | Found a glowing silver altar of Zin.
  2259 | D:3      | Killed Terence
  2263 | D:3      | Bought a potion of curing for 90 gold pieces
  2342 | D:3      | Reached XP level 6. HP: 49/49 MP: 6/6
  2407 | D:3      | Found a bloodstained altar of Trog.
  2408 | D:3      | Found a shadowy altar of Dithmenos.
  2785 | D:4      | Noticed Amnesiac's ghost (amateur TeAE)
  2809 | D:4      | Killed Amnesiac's ghost
  2809 | D:4      | Reached skill level 6 in Polearms
  2943 | D:4      | Found a radiant altar of Vehumet.
  3127 | D:3      | HP: 2/50 [poisoned by a worker ant]
  3456 | D:4      | Found a deep blue altar of Sif Muna.
  3481 | D:4      | Noticed an orc warrior
  3532 | D:4      | Mangled by an orc warrior

Vault maps used:
D:1:      evilmike_arrival_rings
D:2:      uniq_iyjb
D:3:      gammafunk_temple_overflow_pools, zin_purify,
          eat_drink_and_be_merry_uskayaw, minmay_door_square, uniq_terence
D:4:      vehumet_altar_wand_db, led_sif_pool, tgw_trog

Skill      XL: |  1  2  3  4  5  6 |
---------------+-------------------+-----
Polearms       | 5 6 |  6.3
Fighting       | 4 |  4.9
Armour         | 1 |  1.8
Dodging        | 5 |  5.9
Stealth        | |  2.1

Action                   |  1- 3 |  4- 6 || total
-------------------------+-------+-------++-------
Melee: Spear             |   150 |   224 ||   374
Evoke: Wand              |       |     1 ||     1
  Use: Scroll            |       |     8 ||     8
       Potion            |       |     1 ||     1
 Stab: Sleeping          |     3 |       ||     3
  Eat: Chunk             |     2 |     4 ||     6
       Meat ration       |       |     1 ||     1
Armor: Robe              |     4 |       ||     4
       Scale mail        |    21 |    72 ||    93
Dodge: Dodged            |    71 |    99 ||   170
